 Dungeon Crawl Stone Soup version 0.27-a0-77-gd04b7445b5 (webtiles) character file.

Game seed: 13349378155724750015

21 hehateme the Insei (level 2, 0/14 HPs)
             Began as a Vine Stalker Transmuter on Jan 13, 2021.
             Succumbed to a goblin's poison
             ... on level 1 of the Dungeon.
             The game lasted 00:02:22 (800 turns).

hehateme the Insei (Vine Stalker Transmuter)         Turns: 800, Time: 00:02:22

Health: 0/14       AC:  2    Str: 12    XL:     2   Next: 83%
Magic:  6/6        EV: 12    Int: 13    God:
Gold:   8          SH:  0    Dex: 14    Spells: 5/6 levels left

rFire    . . .     SeeInvis .     - Unarmed
rCold    . . .     Faith    .   (no shield)
rNeg     . . .     Spirit   +   a - +0 robe
rPois    .         Reflect  .   (no helmet)
rElec    .         Harm     .   (no cloak)
rCorr    .         Rampage  .   (no gloves)
Will     .....                  (no boots)
Stlth    +.........             (no amulet)
HPRegen  0.04/turn              (no ring)
MPRegen  0.10/turn              (no ring)

@: mighty, lethally poisoned (0 -> -7), flying
A: fangs 2, magic shield, antimagic bite, no potion heal 3
a: no special abilities


You were on level 1 of the Dungeon.
You visited 1 branch of the dungeon, and saw 1 of its levels.

You collected 8 gold pieces.

Inventory:

Hand Weapons
 c - a +1 spear of venom
Missiles
 d - 13 bolts
 Q - 17 arrows
Armour
 a - a +0 robe (worn)
Jewellery
 e - an uncursed amulet of the acrobat {unknown}
Scrolls
 b - a scroll of teleportation {unknown}
 f - a scroll of fear {unknown}
 g - a scroll of remove curse {unknown}
 h - a scroll of identify {unknown}


   Skills:
 + Level 1.3 Fighting
 - Level 1.5 Dodging
 - Level 3.0 Unarmed Combat
 + Level 2.5 Spellcasting
 * Level 2.7 Transmutations


You had 5 spell levels left.
You knew the following spells:

 Your Spells              Type           Power        Failure   Level
a - Beastly Appendage     Tmut           16%          8%          1

Your spell library contained the following spells:

 Spells                   Type           Power        Failure   Level
 Wereblood                Tmut           8%           12%         2
 Spider Form              Tmut/Pois      2%           38%         3
 Ice Form                 Ice/Tmut       5%           80%         4
 Blade Hands              Tmut           4%           91%         5


Dungeon Overview and Level Annotations

Branches:
Dungeon (1/15)

Altars:


Innate Abilities, Weirdness & Mutations

You have extremely sharp teeth.
When hurt, damage is shared between your health and your magic reserves.
Your bite disrupts and absorbs the magic of your enemies.
Potions cannot restore your health.


Message History

You feel sick.
You take 1 damage, and have 4/14 hp.
Your horns disappear.
Your talons disappear.
* * * LOW HITPOINT WARNING * * *
You feel sick.
You take 1 damage, and have 3/14 hp.
A leopard gecko comes into view.
* * * LOW HITPOINT WARNING * * *
You feel sick.
The leopard gecko hisses angrily.
You take 1 damage, and have 2/14 hp.
The leopard gecko closely misses you.
You see here a lumpy golden potion.
i - a lumpy golden potion The leopard gecko bites you.
* * * LOW HITPOINT WARNING * * *
You take 1 damage, and have 1/14 hp.
It was a potion of might.
You feel very mighty all of a sudden.
You die...

#.# ##### #.....# #.#
#...>.# #.# #.....# #.#
#.....# #.# ##)#########
#.#############.........#
#.......................#
################........#
......l@............#
############........#
#........# #.......$#
#........# #........#
##########

Skill      XL: |  1 |
---------------+----+-----
Fighting       | 1 |  1.3
Dodging        | |  1.5
Unarmed Combat | |  3.0
Spellcasting   | |  2.5
Transmutations | |  2.7

Notes
Turn   | Place    | Note
-------+----------+-------------------------------------------
     0 | D:1      | hehateme the Vine Stalker Transmuter began the quest for
                  | the Orb.
     0 | D:1      | Reached XP level 1. HP: 9/9 MP: 4/4
   118 | D:1      | Reached skill level 1 in Fighting
   280 | D:1      | Reached XP level 2. HP: 11/14 MP: 4/6
   794 | D:1      | HP: 3/14 [poisoned by a goblin]
   799 | D:1      | HP: 1/14 [leopard gecko (1)]
   800 | D:1      | Succumbed to a goblin's poison

Table legend: (Time is in decaauts)
 A = Elapsed time spent in this place.
 B = Non-inter-level travel time spent in this place.
 C = Inter-level travel time spent in this place.
 D = Time resting spent in this place.
 E = Time spent auto-exploring this place.
 F = Levels seen in this place.
 G = Mean time per level.
                   A        B        C        D        E       F      G
               +--------+--------+--------+--------+--------+-----+--------+
         Total |    798 |    798 |      0 |    103 |    495 |   1 |  798.0 |
       Dungeon |    798 |    798 |      0 |    103 |    495 |   1 |  798.0 |
               +--------+--------+--------+--------+--------+-----+--------+

Top non-repeatable levels by time:
     D:1: 798 daAuts

Table legend:
 A = Kills in this place as a percentage of kills in entire the game.
 B = Kills by you in this place as a percentage of kills by you in the entire game.
 C = Kills by friends in this place as a percentage of kills by friends in the entire game.
 D = Other kills in this place as a percentage of other kills in the entire game.
 E = Experience gained in this place as a percentage of experience gained in the entire game.
 F = Experience gained in this place divided by the number of levels of this place that you have seen.
                   A       B       C       D       E      F
               +-------+-------+-------+-------+-------+----------------------
         Total | 100.0 | 100.0 |   N/A |   N/A | 100.0 |  30.0
       Dungeon | 100.0 | 100.0 |   N/A |   N/A | 100.0 |  30.0
               +-------+-------+-------+-------+-------+----------------------

Action                   || total
-------------------------++-------
Melee: Unarmed           ||    31
       Bite              ||     4
       Kick              ||     7
       Headbutt          ||     3
 Cast: Beastly Appendage ||    13
  Use: Potion            ||     3
Armor: Robe              ||    16
Dodge: Dodged            ||    21

Vanquished Creatures
  An ooze (D:1)
  5 bats (D:1)
  A giant cockroach (D:1)
  A frilled lizard (D:1)
  4 goblins (D:1)
  2 kobolds (D:1)
  3 rats (D:1)
17 creatures vanquished. You could see a leopard gecko.

Levels and vault maps discovered:
D:1:      shiori_shiawase, layout_basic
